 Dungeon Crawl Stone Soup version 0.27.0-1-g7a089689b8 (webtiles) character file.

Game seed: 7121793252716832675

30424 ketsa the Spear-Bearer (level 13, -2/111 HPs)
             Began as a Ghoul Gladiator on July 31, 2021.
             Was a Plaything of Xom.
             Slain by a six-headed hydra (5 damage)
             ... on level 1 of the Lair of Beasts on Aug 2, 2021.
             The game lasted 01:53:04 (23920 turns).

ketsa the Spear-Bearer (Ghoul Gladiator)           Turns: 23920, Time: 01:53:05

Health: -2/111     AC: 17    Str: 23    XL:     13   Next: 51%
Magic:  15/15      EV: 15    Int:  4    God:    Xom [....*.]
Gold:   1645       SH:  5    Dex: 12    Spells: 15/16 levels left

rFire    + . .     SeeInvis .   n - +7 spear
rCold    + + .     Faith    .   W - +0 buckler
rNeg     + + +     Spirit   .   j - +0 acid dragon scales
rPois    ∞         Reflect  .   c - +1 helmet
rElec    .         Harm     .   O - scarf {rC+ rF+}
rCorr    +         Rampage  .   F - +2 pair of gloves {Str+3}
Will     .....                  (no boots)
Stlth    +++.......             (no amulet)
HPRegen  0.28/turn              e - ring of resist corrosion
MPRegen  0.14/turn              J - +4 ring of protection

@: about to teleport
A: claws 1, cold resistance 1, negative energy resistance 3, inhibited
regeneration, torment resistance 2
a: Renounce Religion


You were on level 1 of the Lair of Beasts.
You worshipped Xom.
You were a beloved toy of Xom.
You visited 6 branches of the dungeon, and saw 22 of its levels.
You also visited: Ossuary.

You collected 2021 gold pieces.
You spent 376 gold pieces at shops.

Inventory:

Hand Weapons
 n - a +7 spear (weapon)
 q - a +0 hunting sling
 u - a +2 whip of venom
 D - a +0 war axe of freezing
Missiles
 d - 2 throwing nets
 l - 372 stones
 E - 17 boomerangs (quivered)
Armour
 c - a +1 helmet (worn)
 f - a scarf of invisibility
 j - +0 acid dragon scales (worn)
 y - a +0 ring mail
 F - a +2 pair of gloves of strength (worn)
 K - a +0 plate armour
 O - a scarf of resistance (worn)
 T - a scarf of repulsion
 U - a +0 troll leather armour
 W - a +0 buckler (worn)
Magical Staves
 s - a staff of air
Jewellery
 e - a ring of resist corrosion (left hand)
 J - a +4 ring of protection (right hand)
 L - a +6 ring of strength
 P - an amulet of regeneration
Wands
 a - a wand of flame (35)
 x - a wand of acid (9)
 Q - a wand of paralysis (23)
 V - a wand of polymorph (14)
 Y - a wand of iceblast (20)
Scrolls
 i - 2 scrolls of immolation
 m - 2 scrolls of identify
 v - 2 scrolls of teleportation
 A - a scroll of brand weapon {unknown}
 C - a scroll of enchant armour
 Z - a scroll of holy word
Potions
 b - a potion of resistance
 g - 2 potions of berserk rage
 h - a potion of invisibility
 k - 4 potions of mutation
 o - 2 potions of heal wounds
 p - 4 potions of brilliance
 r - 2 potions of flight
 t - 2 potions of magic
 z - 5 potions of attraction
 B - a potion of curing
 R - a potion of cancellation
 X - 2 potions of haste
Miscellaneous
 w - a phantom mirror


   Skills:
 + Level 9.0 Fighting
 + Level 14.6 Polearms
 - Level 1.7 Throwing
 + Level 7.2 Armour
 - Level 10.0 Dodging
 - Level 6.2 Stealth
 - Level 5.9 Shields
 - Level 2.2 Spellcasting
 - Level 4.9 Translocations


You had 15 spell levels left.
You knew the following spells:

 Your Spells              Type           Power      Damage    Failure   Level
a - Apportation           Tloc           8%         N/A       8%          1

Your spell library contained the following spells:

 Spells                   Type           Power      Damage    Failure   Level
 Portal Projectile        Hex/Tloc       4%         N/A       52%         3
 Ensorcelled Hibernation  Hex/Ice        0%         N/A       65%         2
 Call Canine Familiar     Summ           0%         N/A       86%         3
 Dazzling Flash           Conj/Hex       0%         N/A       86%         3
 Summon Guardian Golem    Hex/Summ       0%         N/A       86%         3
 Airstrike                Air            0%         N/A       99%         4
 Leda's Liquefaction      Hex/Erth       0%         N/A       99%         4
 Summon Lightning Spire   Summ/Air       0%         N/A       99%         4
 Agony                    Necr           0%         N/A       100%        5
 Alistair's Intoxication  Tmut/Pois      0%         N/A       100%        5
 Borgnjor's Vile Clutch   Necr/Erth      0%         N/A       100%        5
 Lightning Bolt           Conj/Air       0%         1d11      100%        5
 Silence                  Hex/Air        0%         N/A       100%        5
 Eringya's Noxious Bog    Tmut/Pois      0%         N/A       100%        6
 Invisibility             Hex            0%         N/A       100%        6
 Shadow Creatures         Summ           N/A        N/A       100%        6
 Orb of Destruction       Conj           0%         N/A       100%        7
 Spellforged Servitor     Conj/Summ      0%         N/A       100%        7
 Summon Hydra             Summ           0%         N/A       100%        7
 Sublimation of Blood     Necr           Unusable   N/A       N/A         2
 Wereblood                Tmut           Unusable   N/A       N/A         2
 Spider Form              Tmut/Pois      Unusable   N/A       N/A         3

Dungeon Overview and Level Annotations

Branches:
Dungeon (13/15)            Temple (1/1) D:4            Lair (4/6) D:10
  Swamp (1/4) Lair:2        Snake (1/4) Lair:3          Orc (2/2) D:10
Ossuary (visited)
    Elf: Orc:2       Vaults: D:13-14

Altars:
Ashenzari
Cheibriados
Dithmenos
Elyvilon
Fedhas
Gozag
Hepliaklqana
Kikubaaqudgha
Makhleb
Nemelex Xobeh
Okawaru
Qazlal
Ru
Sif Muna
Trog
Uskayaw
Vehumet
Wu Jian
Xom
Yredelemnul
Zin

Shops:
D:5 *   D:9 [   D:12 *

Annotations:
D:5 Blork the orc
D:6 1 runed translucent door, Crazy Yiuf
D:9 exclusions: 3 doors and 1 more exclusion
D:11 exclusion: downstairs
D:12 exclusion: downstairs, Frances
D:13 Snorg
Lair:1 exclusion: downstairs
Orc:2 Maurice


Innate Abilities, Weirdness & Mutations

You thrive by killing the living.
You are immune to poison.
You have sharp fingernails.
Your flesh is cold resistant. (rC+)
You are immune to negative energy. (rN+++)
You do not regenerate when monsters are visible.
You are immune to unholy pain and torment.


Message History

The six-headed hydra is lightly wounded.
You barely miss the six-headed hydra.
The six-headed hydra is lightly wounded.
The six-headed hydra bites you but does no damage.
The six-headed hydra bites you. The six-headed hydra bites you! x2
The six-headed hydra bites you but does no damage. x2
The six-headed hydra misses you.
The six-headed hydra bites you but does no damage.
The six-headed hydra completely misses you.
You block the six-headed hydra's attack.
The six-headed hydra closely misses you.
The six-headed hydra bites you.
The six-headed hydra closely misses you.
You block the six-headed hydra's attack.
The six-headed hydra misses you. The six-headed hydra bites you!
The six-headed hydra completely misses you.
The six-headed hydra bites you but does no damage.
The six-headed hydra roars!
The six-headed hydra bites you! The six-headed hydra bites you.
The six-headed hydra closely misses you.
The six-headed hydra bites you!!
* * * LOW HITPOINT WARNING * * *
The six-headed hydra bites you but does no damage.
The six-headed hydra bites you!
* * * LOW HITPOINT WARNING * * *
You feel much better.
The six-headed hydra bites you but does no damage.
The six-headed hydra bites you!
* * * LOW HITPOINT WARNING * * *
The six-headed hydra bites you.
* * * LOW HITPOINT WARNING * * *
The six-headed hydra closely misses you.
You block the six-headed hydra's attack.
The six-headed hydra completely misses you.
Okay, then.
As you read the scroll of teleportation, it crumbles to dust.
You feel strangely unstable. The six-headed hydra bites you!
* * * LOW HITPOINT WARNING * * *
The six-headed hydra bites you.
You die...

##..##.#.#...###...........##
##..##...####.....#....#...##
##....### #...###.8.###...#
##..## ##..####...####..####
#..## ##...###..÷..###...#.#
##..# ##.>.8##...>...##8.>...
#..## #.#...###.....###...#.#
#..# ###..D####...####..####
###.## #...@##..8..##...#
##..### ###....#...##....# #
......#### ##.............#
## .........# ##.........#.##
#. ........## ##........###
## .......## #.##.....#.# #.
......## ##.#.8.##..# ##
.....## ##.+#+##..# # ....##
##.#.##..### ##


You could see a neutral six-headed hydra (fast, strong, insane).

Vanquished Creatures
  2 two-headed ogres
  4 death yaks (Lair:2)
  Urug (Lair:2)
  2 bog bodies (Lair:2)
  2 deep elf pyromancers (D:12)
  4 black mambas
  An eye of devastation (Lair:2)
  8 cane toads
  2 gargoyles
  An unseen horror (D:11)
  A tengu conjurer (D:11)
  5 komodo dragons
  3 trolls
  A hornet (Lair:2)
  12 blink frogs
  A centaur simulacrum (D:12)
  A spriggan (D:8)
  A shadow (D:12)
  39 yaks
  A wyvern (Lair:3)
  A human (D:11)
  3 hogs (D:11)
  4 vampire mosquitoes (D:11)
  A swamp worm (Swamp:1)
  5 acid dragons
  2 nagas (Lair:3)
  4 water moccasins
  4 black bears (D:10)
  A sky beast (D:5)
  4 ice beasts
  5 orc warriors
  5 wolves (Lair:3)
  2 centaurs
  2 phantoms
  2 elf zombies (Ossuary)
  3 kobold brigands
  A wyvern zombie (D:8)
  5 scorpions
  14 bullfrogs
  A water moccasin skeleton (D:5)
  5 wights (D:10)
  3 centaur zombies
  9 howler monkeys
  2 hounds
  A jelly (D:7)
  A centaur skeleton (D:7)
  A human zombie (Ossuary)
  3 orc priests
  3 iguanas
  6 orc wizards
  A hound skeleton (D:5)
  2 mummies (Ossuary)
  2 howler monkey zombies
  4 adders
  5 gnolls
  A howler monkey skeleton (D:7)
  A shadow imp (D:7)
  A white imp (D:5)
  2 worms (D:3)
  2 dart slugs
  28 orcs
  3 bats
  3 endoplasms (D:2)
  3 giant cockroaches (D:6)
  7 goblins
  8 hobgoblins
  14 jackals
  4 quokkas
  3 ball pythons
  2 frilled lizards (D:1)
  3 goblin zombies (Ossuary)
  11 hobgoblin zombies (Ossuary)
  3 jackal zombies (Ossuary)
  30 kobolds
  8 kobold zombies (Ossuary)
  6 orc zombies (Ossuary)
  4 rats
  A rat zombie (Ossuary)
357 creatures vanquished.

Vanquished Creatures (collateral kills)
  A two-headed ogre (D:8)
  A death yak (Lair:3)
  A centaur zombie (D:10)
  A komodo dragon (Lair:3)
  4 yaks
  2 orc warriors (Orc:1)
  An orc priest (Orc:1)
  4 orcs
15 creatures vanquished.

Vanquished Creatures (others)
  A wyvern zombie (D:5)
  A hound (D:5)
  A dart slug (D:4)
  35 fungi
  112 plants
150 creatures vanquished.

Grand Total: 522 creatures vanquished

Notes
Turn   | Place    | Note
-------+----------+-------------------------------------------
     0 | D:1      | ketsa the Ghoul Gladiator began the quest for the Orb.
     0 | D:1      | Reached XP level 1. HP: 17/17 MP: 0/0
   543 | D:1      | Reached skill level 3 in Polearms
   644 | D:1      | Reached XP level 2. HP: 24/24 MP: 1/1
   651 | D:1      | Found a faded altar of an unknown god.
   675 | D:1      | Became a worshipper of Xom of Chaos
   829 | D:1      | XOM: potion effect (curing)
   832 | D:1      | XOM: silly message
   955 | D:1      | XOM: scenery: summon butterflies
  1083 | D:1      | XOM: scenery: summon butterflies
  1231 | D:2      | Reached XP level 3. HP: 29/29 MP: 2/2
  1292 | D:2      | XOM: scenery: 1 doors open
  2065 | D:2      | Reached skill level 4 in Polearms
  2074 | D:2      | Reached XP level 4. HP: 29/36 MP: 3/3
  2226 | D:2      | XOM: scenery: summon butterflies
  2703 | D:2      | XOM: god gift: staff of air
  2892 | D:3      | XOM: scenery: summon butterflies
  2989 | D:4      | Noticed an angel
  2990 | D:4      | Found a shimmering altar of Xom.
  3251 | D:4      | Reached skill level 5 in Polearms
  3251 | D:4      | Reached XP level 5. HP: 37/41 MP: 4/4
  3334 | D:4      | Found a broken altar of Ashenzari.
  3378 | D:4      | Found a radiant altar of Vehumet.
  3457 | D:4      | Found a shimmering blue altar of Sif Muna.
  3566 | D:4      | Found a staircase to the Ecumenical Temple.
  3575 | Temple   | Entered the Ecumenical Temple
  3914 | D:5      | Entered Level 5 of the Dungeon
  3933 | D:5      | Found Apny's General Store.
  4021 | D:5      | Noticed a sky beast
  4025 | D:5      | Reached XP level 6. HP: 48/48 MP: 5/5
  4027 | D:5      | XOM: 2-stop teleportation journey
  4062 | D:5      | Killed a sky beast
  4063 | D:5      | Reached skill level 6 in Polearms
  4582 | D:5      | Found a blossoming altar of Fedhas.
  4582 | D:5      | Noticed an ice beast
  4617 | D:5      | Killed an ice beast
  4618 | D:5      | Reached XP level 7. HP: 31/55 MP: 6/6
  4647 | D:5      | XOM: 1-stop teleportation journey
  4815 | D:5      | Found a bloodstained altar of Trog.
  4815 | D:5      | Found a snail-covered altar of Cheibriados.
  4815 | D:5      | XOM: scenery: 2 fountains blood, 1 doors close
  5092 | D:5      | XOM: butterfly on damage
  5556 | D:5      | Noticed Blork the orc
  5590 | D:6      | Reached skill level 7 in Polearms
  5746 | D:6      | Found a sand-covered staircase.
  5755 | Ossuary  | Entered an ossuary
  6050 | Ossuary  | Reached XP level 8. HP: 30/61 MP: 7/7
  6200 | Ossuary  | XOM: 1-stop teleportation journey
  6284 | Ossuary  | XOM: potion effect (brilliance)
  6800 | D:6      | Identified a scroll of acquirement
  6800 | D:6      | Acquired a manual of Polearms
  6831 | D:6      | XOM: cloud trail
  6858 | D:6      | XOM: 3-stop teleportation journey
  7134 | D:6      | Reached skill level 8 in Polearms
  7134 | D:6      | Reached skill level 5 in Dodging
  7264 | D:6      | XOM: summons 1 hostile shadow creature
  7526 | D:6      | Found a runed translucent door.
  7527 | D:6      | Noticed Crazy Yiuf
  7942 | D:7      | XOM: summons 3 friendly demons
  7985 | D:7      | XOM: noise
  8000 | D:7      | XOM: cast spell 'Discord'
  8028 | D:6      | Reached skill level 9 in Polearms
  8050 | D:6      | XOM: silly message
  8338 | D:7      | XOM: 3-stop teleportation journey
  8364 | D:7      | Found a shadowy altar of Dithmenos.
  8553 | D:7      | XOM: summons 1 hostile demon
  8946 | D:7      | XOM: summons 5 hostile demons
  9101 | D:7      | XOM: scenery: create altars
  9106 | D:7      | Reached skill level 10 in Polearms
  9274 | D:7      | XOM: scenery: summon butterflies
  9283 | D:7      | XOM: destruction
  9298 | D:7      | Reached XP level 9. HP: 59/67 MP: 8/8
  9441 | D:8      | XOM: scenery: summon butterflies
  9517 | D:8      | XOM: god gift: trident {god gift}
  9912 | D:8      | XOM: summons 9 friendly demons
 10066 | D:8      | XOM: confusion
 10083 | D:8      | Reached skill level 11 in Polearms
 10092 | D:8      | XOM: divination: magic mapping
 10224 | D:8      | XOM: polymorph yak -> spriggan
 10585 | D:8      | XOM: swap monsters
 10604 | D:8      | XOM: summons 3 hostile demons
 10611 | D:8      | Reached skill level 12 in Polearms
 10789 | D:8      | XOM: 3-stop teleportation journey
 10827 | D:8      | XOM: confusion (+ monsters)
 10828 | D:8      | XOM: polymorph orc warrior -> scorpion
 10830 | D:8      | XOM: potion effect (invisibility)
 10907 | D:8      | XOM: 2-stop teleportation journey
 10973 | D:8      | Noticed a two-headed ogre
 10982 | D:8      | Killed a two-headed ogre
 11628 | D:9      | Found Qaibiv's Armour Boutique.
 11631 | D:9      | Bought a +2 pair of gloves of strength for 279 gold pieces
 11695 | D:9      | XOM: god gift: 813 gold pieces
 11709 | D:9      | XOM: confuse monster(s)
 11723 | D:9      | Reached XP level 10. HP: 74/74 MP: 9/9
 11878 | D:9      | Reached skill level 1 in Armour
 11878 | D:9      | Reached skill level 1 in Stealth
 11885 | D:9      | XOM: 6-stop teleportation journey
 11940 | D:9      | Noticed a two-headed ogre
 11940 | D:9      | XOM: scenery: 1 doors open, 2 doors close
 11952 | D:9      | XOM: cast spell 'Alistair's Intoxication'
 11955 | D:9      | XOM: 3-stop teleportation journey
 11980 | D:9      | XOM: summons 2 hostile shadow creatures
 12389 | D:9      | Killed a two-headed ogre
 12448 | D:9      | XOM: enchant monster (bad)
 12511 | D:10     | Entered Level 10 of the Dungeon
 13066 | D:10     | XOM: swap monsters
 13076 | D:10     | Found a staircase to the Lair.
 13143 | Lair:1   | Entered Level 1 of the Lair of Beasts
 13219 | Lair:1   | Identified the +0 robe "Ypyjeapi" {Slay+5}
 13294 | Lair:1   | Reached XP level 11. HP: 58/85 MP: 10/10
 13355 | Lair:1   | XOM: butterfly on damage
 13616 | Lair:1   | XOM: noise
 13621 | Lair:1   | XOM: noise
 13641 | D:10     | Reached skill level 5 in Armour
 13678 | D:10     | XOM: 2-stop teleportation journey
 13727 | D:10     | Found a staircase to the Orcish Mines.
 13732 | Orc:1    | Entered Level 1 of the Orcish Mines
 13796 | Orc:1    | XOM: silly message
 13957 | Orc:1    | XOM: divination: detect creatures
 14237 | Orc:1    | Found a bloodstained altar of Trog.
 14238 | Orc:1    | XOM: potion effect (might)
 14252 | Orc:1    | Reached skill level 5 in Fighting
 14386 | Orc:2    | Entered Level 2 of the Orcish Mines
 14386 | Orc:2    | Noticed a cyclops
 14433 | D:10     | XOM: enchant monster (good)
 14457 | D:10     | Reached skill level 13 in Polearms
 14464 | D:10     | XOM: noise
 14467 | D:10     | XOM: confuse monster(s)
 14479 | D:10     | Reached skill level 5 in Stealth
 14577 | D:10     | XOM: scenery: 1 doors close
 14884 | D:10     | XOM: cloud trail
 14953 | Lair:1   | XOM: silly message
 14954 | Lair:1   | XOM: noise
 15405 | Lair:1   | You fall into a shaft and drop 1 floor!
 15406 | Lair:2   | XOM: chaos cloud
 15433 | Lair:2   | XOM: 2-stop teleportation journey
 15488 | Lair:2   | XOM: smoke on damage
 15508 | Lair:2   | Noticed Urug
 15538 | Lair:2   | Killed Urug
 15835 | Lair:2   | XOM: stat loss: -1 Str (22/23)
 15925 | Lair:2   | Noticed a four-headed hydra
 15964 | Lair:2   | XOM: noise
 16100 | Lair:1   | XOM: stat loss: -1 Dex (10/11)
 16115 | Lair:1   | XOM: scenery: summon butterflies
 16124 | Lair:1   | XOM: polymorph butterfly -> bat
 16130 | Lair:1   | XOM: swap monsters
 16465 | Lair:1   | Learned a level 1 spell: Apportation
 16798 | D:11     | XOM: confuse monster(s)
 16940 | D:11     | XOM: noise
 16950 | D:11     | XOM: summons 1 hostile demon
 17126 | D:11     | XOM: chaos cloud
 17128 | D:11     | Reached XP level 12. HP: 68/97 MP: 10/12
 17144 | D:11     | Reached skill level 1 in Translocations
 17193 | D:11     | Reached skill level 1 in Spellcasting
 17533 | D:11     | XOM: summons 2 hostile shadow creatures
 17604 | D:11     | XOM: silly message
 17730 | D:11     | XOM: silly message
 17892 | D:11     | XOM: summons friendly ufetubus
 18095 | D:12     | XOM: potion effect (might)
 18098 | D:12     | XOM: smoke on damage
 18203 | D:13     | Noticed Snorg
 18203 | D:13     | Noticed a two-headed ogre
 18310 | D:12     | Noticed Frances
 18319 | D:12     | XOM: enchant monster (good)
 18411 | Lair:2   | XOM: divination: magic mapping
 18416 | Lair:2   | XOM: summons friendly hellwing
 18491 | Lair:2   | XOM: 1-stop teleportation journey
 18513 | Lair:2   | XOM: chaos cloud
 18728 | Lair:2   | XOM: 3-stop teleportation journey
 18736 | Lair:2   | XOM: silly message
 18738 | Lair:2   | XOM: divination: magic mapping
 18749 | Lair:2   | XOM: divination: magic mapping
 18839 | Lair:2   | XOM: divination: detect items
 18856 | Lair:2   | Reached skill level 14 in Polearms
 18856 | Lair:2   | Reached skill level 10 in Dodging
 18874 | Lair:2   | XOM: cast spell 'Alistair's Intoxication'
 18885 | Lair:2   | XOM: enchant monster (bad)
 18902 | Lair:2   | Reached skill level 1 in Shields
 19205 | Lair:2   | Noticed a six-headed hydra
 19299 | Lair:2   | XOM: summons 3 hostile demons
 19336 | Lair:2   | XOM: summons 6 hostile demons
 19370 | Lair:2   | XOM: destruction
 19460 | Lair:2   | a four-headed hydra changed into an eye of devastation
 19460 | Lair:2   | XOM: polymorph four-headed hydra -> eye of devastation
 19493 | Lair:2   | XOM: god gift: phantom mirror
 19610 | Lair:2   | XOM: silly message
 19806 | Lair:2   | Found a staircase to the Swamp.
 19818 | Lair:2   | XOM: confuse monster(s)
 19857 | Lair:2   | XOM: god gift: book of Storms
 19870 | Swamp:1  | Entered Level 1 of the Swamp
 20162 | Lair:2   | XOM: summons 7 hostile demons
 20225 | Lair:3   | XOM: confuse monster(s)
 20286 | Lair:3   | XOM: cast spell 'Shadow Creatures'
 20302 | Lair:3   | Found a staircase to the Snake Pit.
 20417 | Snake:1  | Entered Level 1 of the Snake Pit
 20441 | Snake:1  | Noticed a naga warrior
 20451 | Snake:1  | XOM: fog
 20457 | Snake:1  | XOM: fog
 20570 | Lair:3   | XOM: cast spell 'Monstrous Menagerie'
 20711 | Lair:3   | XOM: cleaving
 20760 | Lair:3   | Reached XP level 13. HP: 101/107 MP: 15/15
 20765 | Lair:3   | XOM: confuse monster(s)
 20779 | Lair:3   | XOM: god gift: wand of iceblast (7)
 20800 | Lair:3   | XOM: scenery: 2 doors open
 20804 | Lair:3   | XOM: divination: detect creatures
 20806 | Lair:3   | XOM: summons friendly white imp
 20810 | Lair:3   | XOM: fog
 20924 | Lair:3   | XOM: polymorph white imp -> crimson imp
 20973 | Lair:3   | XOM: scenery: 1 doors close
 21122 | Lair:3   | XOM: 3-stop teleportation journey
 21147 | Lair:3   | XOM: enchant monster (good)
 21152 | Lair:3   | XOM: noise
 21176 | Lair:3   | XOM: enchant monster (good)
 21221 | Lair:3   | XOM: 2-stop teleportation journey
 21225 | Lair:3   | XOM: chaos cloud
 21253 | Lair:3   | Reached skill level 5 in Shields
 21514 | Lair:3   | XOM: fog
 21571 | Lair:3   | XOM: summons friendly soul eater
 21592 | Lair:3   | XOM: scenery: create altars
 21594 | Lair:3   | XOM: scenery: create altars
 21595 | Lair:3   | XOM: enchant monster (bad)
 21603 | Lair:3   | XOM: 5-stop teleportation journey
 21613 | Lair:3   | XOM: god gift: 30 gold pieces
 21624 | Lair:3   | XOM: summons friendly iron imp
 21654 | Lair:3   | XOM: cleaving
 21663 | Lair:3   | XOM: destruction
 21861 | Lair:2   | XOM: silly message
 21936 | Lair:3   | XOM: blink monster(s)
 22061 | Lair:2   | XOM: enchant monster (good)
 22207 | Orc:2    | Noticed Maurice
 22459 | D:12     | XOM: 2-stop teleportation journey
 22700 | D:12     | XOM: swap monsters
 22703 | D:12     | XOM: noise
 22856 | D:12     | XOM: divination: detect creatures
 22921 | D:12     | Found Dulips's General Store.
 22936 | D:12     | XOM: divination: detect creatures
 23064 | D:12     | Bought a scroll of enchant armour for 97 gold pieces
 23670 | Lair:2   | XOM: summons 4 friendly demons
 23717 | Lair:2   | XOM: fog
 23910 | Lair:2   | XOM: cast spell 'Discord'
 23920 | Lair:1   | HP: 3/111 [six-headed hydra (14)]
 23920 | Lair:1   | Slain by a six-headed hydra

Illustrated notes

Levels and vault maps discovered:
D:1:      wander_arrival_estate, layout_loops_ring,
          hellmonk_ecumenical_altar_crossroads
D:2:      layout_basic
D:3:      minmay_general_purpose_star, layout_basic, serial_shops,
          nicolae_shop_trees
D:4:      cheibrodos_pilgrimage, layout_basic,
          grunt_temple_overflow_order_and_chaos_1, amcnicky_altar_gilded,
          gammafunk_temple_overflow_statue, mainiacjoe_overflow_tiny_flanked,
          temple_statues, interstate_on_off
D:5:      layout_loops_ring, gammafunk_temple_overflow_pools,
          mainiacjoe_overflow_concentric_impassable, tso_altar, serial_shops,
          shop, lemuel_old_faithful, uniq_menkaure, uniq_blork_the_orc
D:6:      layout_loops_corners, lightli_ossuary_entry_decrepit_ruins,
          gup_sewer_entry_pipe, uniq_crazy_yiuf_cottage
D:7:      layout_loops_ring, nicolae_dithmenos_shadow_blocks, minivault_23,
          chequers_serial_rivers_marsh
D:8:      kennysheep_kobold_camp, layout_loops_corners, st_stairs_11
D:9:      layout_roguey, serial_shops, kennysheep_mini
D:10:     layout_roguey, due_lair_maze_entry_diamond, orc_0_dummy,
          evilmike_butchery
D:11:     layout_basic, grunt_livestock
D:12:     layout_cave_pods, serial_shops, shop, uniq_frances
D:13:     minmay_the_grid_3x2 [minmay_the_grid_stretched_grid,
          minmay_the_grid_all_tris, minmay_the_grid_expand,
          minmay_the_grid_square_x, minmay_the_grid_doors,
          minmay_the_grid_prize_four_corners_diamond_b], layout_basic,
          david_vaults_2, grunt_ministairs_1, uniq_snorg, uniq_sonja,
          uniq_rupert
Temple:   jpeg_temple_clearing
Lair:1:   layout_cave_pods, portal_ice_cave_entry_pillars_2, enter_volcano_2,
          lemuel_fruit_fields, infiniplex_staircase_pool, grunt_megastairs_5
Lair:2:   layout_chaotic_city, skrybe_swamp_entry_bodies, grunt_megastairs_3,
          serial_bayou_shore_a, lemuel_fruit_fields,
          infiniplex_staircase_pool_2, uniq_urug
Lair:3:   layout_roguey, guppyfry_snake_entry_island,
          chequers_serial_rivers_micro_b, kennysheep_catoblepas_arena
Lair:4:   layout_regular_city
Swamp:1:  layout_basic_swamp, gammafunk_ghost_berserking_beasts,
          evilmike_swamp_ruin_rubble_2, grunt_ruined_hall
Snake:1:  layout_onion, nicolae_snake_snakewalk, serial_bayou_shore_b,
          uniq_jorgrun
Orc:1:    layout_diamond_mine, serial_shops, nicolae_shop_stone,
          trog_butcher_becter
Orc:2:    st_orc_open, layout_diamond_mine, minmay_orc_treasury, uniq_maurice

Skill      XL: |  1  2  3  4  5  6  7  8  9 10 11 12 13 |
---------------+----------------------------------------+-----
Polearms       | 3 4 5 6 7 10 12 13 14 | 14.6
Dodging        | 3 4 5 8 9 10 | 10.0
Armour         | 4 6 7 |  7.2
Stealth        | 4 6 |  6.2
Fighting       | 4 6 8 9 |  9.0
Translocations | 3 4 |  4.9
Spellcasting   | 2 |  2.2
Shields        | 4 5 |  5.9
Throwing       | |  1.7

Action                   |  1- 3 |  4- 6 |  7- 9 | 10-12 | 13-15 || total
-------------------------+-------+-------+-------+-------+-------++-------
Melee: Trident           |   118 |    18 |       |       |       ||   136
       Spear             |       |   150 |   613 |  1166 |   369 ||  2298
Throw: Throwing net      |     2 |       |       |       |       ||     2
       Stone             |     4 |     6 |       |       |       ||    10
       Boomerang         |       |       |    12 |    27 |     8 ||    47
Evoke: Wand              |       |       |     2 |    10 |     8 ||    20
  Use: Scroll            |     1 |       |    12 |     9 |     3 ||    25
       Potion            |       |       |     6 |     4 |     2 ||    12
 Stab: Distracted        |       |     1 |       |     3 |       ||     4
       Confused          |       |       |     1 |    14 |     1 ||    16
       Invisible         |       |       |     1 |       |       ||     1
       Paralysed         |       |       |       |    10 |     2 ||    12
       Sleeping          |       |       |       |     7 |       ||     7
       Petrified         |       |       |       |       |    13 ||    13
Armor: Leather armour    |    33 |    23 |    46 |       |       ||   102
       Skin              |     3 |       |       |       |       ||     3
       Ring mail         |       |       |    71 |   250 |    56 ||   377
       Acid dragon scale |       |       |       |       |    16 ||    16
Dodge: Dodged            |    72 |    44 |   206 |   452 |   119 ||   893
Block: Buckler           |       |       |       |    39 |    50 ||    89
